 Dungeon Sprint DCSS version 0.28-a0-1524-ge72afd5fc6 (webtiles) character file.

Game seed: 7184101428660488595

746 mhtbhm the Carver (level 7, -28/73 HPs)
             Began as a Green Draconian Berserker on Jan 17, 2022.
             Was an Elder of Trog.
             Annihilated by a two-headed ogre (31 damage)
             ... in the Dungeon (Sprint IX: "|||||||||||||||||||||||||||||").
             The game lasted 00:00:59 (360 turns).

mhtbhm the Carver (Green Draconian Berserker)        Turns: 360, Time: 00:00:59

Health: -28/73     AC:  7    Str: 21    XL:     7   Next: 48%
Magic:  7/7        EV: 15    Int: 13    God:    Trog [****..]
Gold:   0          SH:  0    Dex: 11    Spells: 6/6 levels left

rFire   . . .      SeeInvis .   a - +2 scimitar (flame)
rCold   . . .      Faith    .   (no shield)
rNeg    . . .      Spirit   .   (armour unavailable)
rPois   +          Reflect  .   (helmet restricted)
rElec   .          Harm     .   (no cloak)
rCorr   .          Rampage  .   j - +0 pair of gloves
Will    .....      NoTele   +   (no boots)
Stlth   +.........              (no amulet)
HPRegen 0.22/turn               k - +3 ring of intelligence
MPRegen 0.10/turn               l - +3 ring of intelligence

@: short of breath, on berserk cooldown, slowed, very slow
A: breathe noxious fumes, AC +6, unfitting armour, poison resistance,
cold-blooded
a: Breathe Noxious Fumes, Renounce Religion, Berserk, Trog's Hand, Brothers in
Arms


You were in the Dungeon.
You worshipped Trog.
Trog was greatly pleased with you.
You visited 1 branch

Inventory:

Hand Weapons
 a - a +2 scimitar of flaming (weapon)
Armour
 j - a +0 pair of gloves (worn)
Jewellery
 k - a +3 ring of intelligence (left hand)
 l - a +3 ring of intelligence (right hand)
Wands
 i - a wand of acid (6)
Scrolls
 g - 2 scrolls of blinking
Potions
 b - 5 potions of curing
 c - 3 potions of heal wounds
 d - a potion of haste
 e - 4 potions of magic
 f - a potion of berserk rage
 h - a potion of invisibility


   Skills:
 + Level 10.3 Fighting
 + Level 11.3 Long Blades
 + Level 8.5 Dodging


You had 6 spell levels left.
You didn't know any spells.
Your spell library was empty.

Dungeon Overview and Level Annotations

Branches:
Dungeon (1/1)

Altars:
Cheibriados
Dithmenos
Elyvilon
Fedhas
Gozag
Hepliaklqana
Kikubaaqudgha
Makhleb
Nemelex Xobeh
Okawaru
Qazlal
Ru
Sif Muna
Trog
Uskayaw
Vehumet
Wu Jian
Xom
Yredelemnul
Zin
The Shining One
Beogh
Jiyva
Lugonu


Innate Abilities, Weirdness & Mutations

You can breathe blasts of noxious fumes.
Your lurid green scales are hard. (AC +6)
You cannot fit into any form of body armour.
Your system is resistant to poisons. (rPois)
You are cold-blooded and may be slowed by cold attacks.


Message History

The bolt of acid hits the two-headed ogre!
The acid corrodes the two-headed ogre!
The two-headed ogre is almost dead.
The two-headed ogre hits you with a +0 giant spiked club!
* * * LOW HITPOINT WARNING * * *
The two-headed ogre completely misses you.
Unknown command.
Unknown command.
There is an open door here.
There is a glowing golden altar of the Shining One here.
There is a glowing silver altar of Zin here.
Aiming: Corrosive Bolt
Press: ? - help, Shift-Dir - straight line, f/p - two-headed ogre
Aim: a two-headed ogre, wielding a +0 giant spiked club and a +0 giant club (almost dead, confused, covered in acid, 98% to hit)
The bolt of acid misses the two-headed ogre.
Unknown command.
Press < or > to pray at altars.
Unknown command.
Press < or > to pray at altars.
Unknown command.
Press < or > to pray at altars.
Aiming: Breathe Noxious Fumes (5% risk of failure)
Press: ? - help, Shift-Dir - straight line, f/p - two-headed ogre
Aim: a two-headed ogre, wielding a +0 giant spiked club and a +0 giant club (severely wounded, confused, covered in acid, 97% to hit)
You fail to use your ability.
Unknown command.
Press < or > to pray at altars.
Unknown command.
Press < or > to pray at altars.
Aiming: Breathe Noxious Fumes (5% risk of failure)
Press: ? - help, Shift-Dir - straight line, f/p - two-headed ogre
Aim: a two-headed ogre, wielding a +0 giant spiked club and a +0 giant club (severely wounded, confused, covered in acid, 97% to hit)
You exhale a blast of noxious fumes.
The blast of choking fumes hits the two-headed ogre!
The two-headed ogre is almost dead.
The two-headed ogre seems less confused.
The two-headed ogre is engulfed in noxious fumes. x2
The two-headed ogre appears confused.
The two-headed ogre hits you with a +0 giant spiked club!!
You die... ▓▓▓▓▓▓▓▓▓▓▓▓▓▓▓▓▓▓▓▓▓▓▓▓▓▓▓▓▓▓▓▓▓ ..D.).)[[.☼§§☼§O@________________ ▓▓▓▓▓▓▓▓▓▓▓▓▓▓▓▓▓▓▓▓▓▓▓▓▓▓▓▓▓▓▓▓▓

You could see a two-headed ogre (confused, corroded).

Vanquished Creatures
  A two-headed ogre (D)
  A centaur (D)
  A hound (D)
  An iguana (D)
  An orc wizard (D)
  A bat zombie (D)
  An endoplasm (D)
  A goblin (D)
  A hobgoblin (D)
  A ball python (D)
  A ball python skeleton (D)
  A frilled lizard (D)
12 creatures vanquished.

Notes
Turn   | Place    | Note
-------+----------+-------------------------------------------
     0 | D        | mhtbhm the Draconian Berserker began the quest for the Orb.
     0 | D        | Reached XP level 1. HP: 19/19 MP: 1/1
    13 | D        | Reached ** piety under Trog
   208 | D        | Noticed an iguana
   208 | D        | Noticed an orc wizard
   208 | D        | Noticed a hound
   215 | D        | Killed a hound
   216 | D        | Reached skill level 5 in Fighting
   216 | D        | Reached skill level 4 in Long Blades
   216 | D        | Reached XP level 2. HP: 29/29 MP: 2/2
   216 | D        | Reached XP level 3. HP: 36/36 MP: 3/3
   219 | D        | Reached *** piety under Trog
   220 | D        | Reached skill level 5 in Long Blades
   226 | D        | Reached skill level 6 in Long Blades
   226 | D        | Reached skill level 5 in Dodging
   226 | D        | Reached XP level 4. HP: 27/44 MP: 4/4
   228 | D        | Reached **** piety under Trog
   234 | D        | Found a snail-covered altar of Cheibriados.
   234 | D        | Found a shadowy altar of Dithmenos.
   234 | D        | Found a white marble altar of Elyvilon.
   234 | D        | Found a blossoming altar of Fedhas.
   234 | D        | Found an opulent altar of Gozag.
   235 | D        | Found a hazy altar of Hepliaklqana.
   236 | D        | Found a viscous altar of Jiyva.
   237 | D        | Found an ancient bone altar of Kikubaaqudgha.
   238 | D        | Found a corrupted altar of Lugonu.
   239 | D        | Found a burning altar of Makhleb.
   240 | D        | Found a sparkling altar of Nemelex Xobeh.
   241 | D        | Found an iron altar of Okawaru.
   242 | D        | Found a stormy altar of Qazlal.
   243 | D        | Found a sacrificial altar of Ru.
   244 | D        | Found a shimmering blue altar of Sif Muna.
   245 | D        | Found a bloodstained altar of Trog.
   246 | D        | Found a hide-covered altar of Uskayaw.
   247 | D        | Found a radiant altar of Vehumet.
   248 | D        | Found an ornate altar of the Wu Jian Council.
   249 | D        | Found a shimmering altar of Xom.
   250 | D        | Found a basalt altar of Yredelemnul.
   251 | D        | Found a glowing silver altar of Zin.
   252 | D        | Found a glowing golden altar of the Shining One.
   335 | D        | Noticed a steam dragon
   335 | D        | Noticed a steam dragon
   335 | D        | Noticed a two-headed ogre
   335 | D        | Noticed a two-headed ogre
   335 | D        | Noticed a centaur
   343 | D        | Killed a two-headed ogre
   344 | D        | Reached skill level 10 in Fighting
   344 | D        | Reached skill level 11 in Long Blades
   344 | D        | Reached XP level 5. HP: 17/58 MP: 5/5
   344 | D        | Reached XP level 6. HP: 20/66 MP: 6/6
   344 | D        | Your scales start taking on a lurid green colour.
   344 | D        | Reached XP level 7. HP: 22/72 MP: 7/7
   344 | D        | Gained mutation: Your system is resistant to poisons.
                  | (rPois) [Green Draconian growth]
   353 | D        | HP: 1/73 [two-headed ogre (16)]
   360 | D        | Annihilated by a two-headed ogre

Illustrated notes

Levels and vault maps discovered:
D:        linesprint [early_d, line_temple, items_1, d_10, items_2, lair_1,
          lair_end, items_3, orc_1, orc_end, items_4, d_15, swamp_1, shoals_1,
          snake_1, spider_1, d_20, vaults_1, items_5, swamp_end, shoals_end,
          snake_end, spider_end, vaults_end, d_27, items_6, zot_1, zot_end,
          crypt_end, forest_end, elf_end, slime_end, tomb_end, abyss_end,
          pan_hell_end]

Skill      XL: |  1  2  3  4 |
---------------+-------------+-----
Dodging        | 4 5 8 |  8.5
Fighting       | 5 6 10 | 10.3
Long Blades    | 4 6 11 | 11.3

Action                   |  1- 3 |  4- 6 |  7- 9 || total
-------------------------+-------+-------+-------++-------
Melee: Falchion          |    31 |     3 |       ||    34
       Scimitar          |       |     6 |       ||     6
       Tailslap          |       |     2 |       ||     2
Invok: Berserk           |     1 |     1 |       ||     2
 Abil: Breathe Noxious F |       |       |     2 ||     2
Evoke: Wand              |       |     1 |     3 ||     4
Armor: Skin              |     3 |     1 |       ||     4
Dodge: Dodged            |    16 |     5 |     1 ||    22

Table legend: (Time is in decaauts)
 A = Elapsed time spent in this place.
 B = Non-inter-level travel time spent in this place.
 C = Inter-level travel time spent in this place.
 D = Time resting spent in this place.
 E = Time spent auto-exploring this place.
 F = Levels seen in this place.
 G = Mean time per level.
                   A        B        C        D        E       F      G
               +--------+--------+--------+--------+--------+-----+--------+
         Total |    376 |    376 |      0 |    230 |      3 |   1 |  376.0 |
       Dungeon |    376 |    376 |      0 |    230 |      3 |   1 |  376.0 |
               +--------+--------+--------+--------+--------+-----+--------+

Top non-repeatable levels by time:
       D: 376 daAuts
